 Dungeon Crawl Stone Soup version 0.30-a0-996-ga6910c8ee8 (webtiles) character file.

Game seed: 1676266254696699145

407 ThatPearl the Ruffian (level 6, -3/47 HPs)
             Began as a Draconian Transmuter on Apr 4, 2023.
             Killed from afar by Ijyb (6 damage)
             ... with an iceblast
             ... on level 4 of the Dungeon.
             The game lasted 00:09:49 (2545 turns).

ThatPearl the Ruffian (Draconian Transmuter)        Turns: 2545, Time: 00:09:49

Health: -3/47      AC:  6    Str: 12    XL:     6   Next: 57%
Magic:  10/10      EV: 12    Int: 16    God:
Gold:   169        SH:  0    Dex: 11    Spells: 8/11 levels left

rFire   . . .      SeeInvis .      - Unarmed
rCold   . . .      Faith    .    (no shield)
rNeg    . . .      Spirit   .    (body armour unavailable)
rPois   .          Reflect  .    (helmet restricted)
rElec   .          Rampage  .    (no cloak)
rCorr   .                        (no gloves)
Will    .....                    (no boots)
Stlth   +                        h - amulet of regeneration
HPRegen 1.07/turn                (no ring)
MPRegen 0.12/turn                (no ring)

@: lethally poisoned (-3 -> -4)
A: AC +6, unfitting armour, cold-blooded
a: no special abilities


You were on level 4 of the Dungeon.
You visited 1 branch of the dungeon, and saw 4 of its levels.
You also visited: Sewer.

You collected 169 gold pieces.

Inventory:

Missiles
 b - 40 stones
Jewellery
 h - an amulet of regeneration (around neck)
Wands
 s - a wand of flame (24)
Scrolls
 c - 2 scrolls of fear {unknown}
 d - a scroll of fog
 f - 2 scrolls of immolation
 g - 2 scrolls of enchant armour {unknown}
 l - 5 scrolls of teleportation
 p - a scroll of vulnerability
Potions
 a - 2 potions of lignification
 e - 2 potions of curing
 j - 2 potions of invisibility
 k - a potion of flight {unknown}
 m - a potion of haste {unknown}
 n - 3 potions of resistance
 o - a potion of heal wounds {unknown}
 q - a potion of attraction


   Skills:
 - Level 1.1 Fighting
 - Level 1.7 Dodging
 * Level 5.9 Unarmed Combat
 + Level 3.1 Spellcasting
 + Level 4.0 Transmutations


You had 8 spell levels left.
You knew the following spells:

 Your Spells              Type           Power      Damage    Failure   Level
a - Beastly Appendage     Tmut           30%        N/A       3%          1
w - Wereblood             Tmut           15%        N/A       5%          2

Your spell library contained the following spells:

 Spells                   Type           Power      Damage    Failure   Level
 Apportation              Tloc           4%         N/A       19%         1
 Freeze                   Ice            8%         1d3       19%         1
 Kiss of Death            Conj/Necr      8%         2d6       19%         1
 Necrotise                Necr           8%         1d4       19%         1
 Summon Small Mammal      Summ           8%         N/A       19%         1
 Spider Form              Tmut/Pois      9%         N/A       24%         3
 Call Canine Familiar     Summ           2%         N/A       50%         3
 Confusing Touch          Hex            2%         N/A       50%         3
 Frozen Ramparts          Ice            4%         1d1       50%         3
 Hailstorm                Conj/Ice       2%         3d3       50%         3
 Portal Projectile        Hex/Tloc       4%         N/A       50%         3
 Ice Form                 Ice/Tmut       9%         N/A       63%         4
 Dispel Undead            Necr           2%         3d7       88%         4
 Leda's Liquefaction      Hex/Erth       1%         N/A       88%         4


Dungeon Overview and Level Annotations

Branches:
Dungeon (4/15)              Sewer (visited)
 Temple: D:4-7

Altars:

Annotations:
D:4 Ijyb


Innate Abilities, Weirdness & Mutations

Your plain brown scales are hard. (AC +6)
You cannot fit into any form of body armour.
You are cold-blooded and may be slowed by cold attacks.


Message History

Your headbutt misses the howler monkey.
The howler monkey is almost dead.
The howler monkey hits you.
The howler monkey hoots and howls with incredible vigour!
You hit the howler monkey.
You kill the howler monkey!
Things that are here:
a howler monkey corpse; a hobgoblin corpse Ijyb hits you with a +2 dagger of venom.
You closely miss Ijyb. You tail-slap Ijyb, but do no damage.
Ijyb hits you but does no damage.
You are poisoned.
You miss Ijyb. Your headbutt misses Ijyb.
You feel sick. The endoplasm barely misses you.
Ijyb zaps a wand.
The mass of ice explodes!
The iceblast engulfs you!!
* * * LOW HITPOINT WARNING * * *
The iceblast engulfs Ijyb.
The iceblast engulfs the endoplasm!
The endoplasm dies!
Unknown command.
You feel better.
Ijyb hits you with a +2 dagger of venom.
* * * LOW HITPOINT WARNING * * *
You are poisoned.
You hit Ijyb.
Ijyb is moderately wounded.
You feel sick.
Ijyb hits you with a +2 dagger of venom.
* * * LOW HITPOINT WARNING * * *
You hit Ijyb but do no damage. You claw Ijyb, but do no damage.
Your headbutt misses Ijyb.
Ijyb is moderately wounded.
You feel sick.
Ijyb hits you with a +2 dagger of venom.
* * * LOW HITPOINT WARNING * * *
You punch Ijyb!
Ijyb is severely wounded.
Your horns disappear.
Your talons disappear.
You feel sick.
Ijyb zaps a wand.
The mass of ice explodes!
The iceblast engulfs you.
You die...

*,,,,* #..,,***######
########
#...,,,,.....#
#......#
#...,*##.....#
#......#
#....*#......#
#......'
#....##......#
#......#
#............#
#......#
#....>g......#
#......#
**#....@.....#
#.....##
#...#†.....####.....##
###...........'.....'.
#.#####.#####.....##
#.****#...,,+.....#
*#,**,,..###*#.....#
*,,,,,...# #..)..#
*,,,,....# #.....#
*,,,...!.# #######


You could see Ijyb.

Vanquished Creatures
  A bullfrog (D:3)
  A howler monkey (D:4)
  An orc priest (D:3)
  Jessica (D:3)
  Natasha (thrice) (D:2)
  An orc wizard (D:3)
  A gnoll (D:1)
  2 river rats (Sewer)
  6 adders
  3 worms (Sewer)
  3 orcs (D:3)
  6 endoplasms
  5 giant cockroaches
  4 goblins
  7 hobgoblins
  9 jackals
  10 kobolds
  4 quokkas
  7 ball pythons
  6 bats
  2 frilled lizards
  10 rats
93 creatures vanquished.

Vanquished Creatures (others)
  An endoplasm (D:4)
1 creature vanquished.

Grand Total: 94 creatures vanquished

Notes
Turn   | Place    | Note
-------+----------+-------------------------------------------
     0 | D:1      | ThatPearl the Draconian Transmuter began the quest for the
                  | Orb.
     0 | D:1      | Reached XP level 1. HP: 16/16 MP: 3/3
   107 | D:1      | Reached XP level 2. HP: 14/23 MP: 3/5
   273 | D:1      | Reached XP level 3. HP: 28/28 MP: 4/6
   276 | D:1      | Learned a level 2 spell: Wereblood
   316 | D:1      | Reached skill level 4 in Unarmed Combat
   663 | D:2      | Reached XP level 4. HP: 34/35 MP: 5/7
   959 | D:2      | Noticed Natasha
   964 | D:2      | Killed Natasha
  1077 | D:2      | Noticed Natasha
  1085 | D:2      | Killed Natasha
  1086 | D:2      | Reached XP level 5. HP: 19/40 MP: 6/8
  1099 | D:2      | Noticed Natasha
  1177 | D:2      | Killed Natasha
  1178 | D:2      | Reached skill level 5 in Unarmed Combat
  1566 | D:3      | Noticed Jessica
  1604 | D:3      | Killed Jessica
  1605 | D:3      | Reached XP level 6. HP: 33/47 MP: 6/10
  1918 | D:4      | Found a glowing drain.
  1922 | Sewer    | Entered a sewer
  2372 | D:4      | Noticed a yak
  2532 | D:4      | Noticed Ijyb
  2545 | D:4      | Killed from afar by Ijyb

Illustrated notes

Levels and vault maps discovered:
D:1:      scummos_arrival_checkerplants, layout_rooms, minmay_tall_x
D:2:      layout_basic, uniq_natasha
D:3:      layout_rooms, uniq_jessica
D:4:      layout_basic, gup_sewer_entry_bowl, uniq_ijyb

Skill      XL: |  1  2  3  4  5  6 |
---------------+-------------------+-----
Unarmed Combat | 4 5 |  5.9
Transmutations | 3 4 |  4.0
Spellcasting   | 3 |  3.1
Fighting       | |  1.1
Dodging        | |  1.7

Action                     |  1- 3 |  4- 6 || total
---------------------------+-------+-------++-------
  Melee: Unarmed           |    95 |   156 ||   251
         Kick              |    22 |    26 ||    48
         Headbutt          |    14 |    17 ||    31
         Tailslap          |     9 |    15 ||    24
         Punch             |     4 |     4 ||     8
   Cast: Beastly Appendage |    17 |    27 ||    44
         Wereblood         |       |     3 ||     3
    Use: Scroll            |       |    13 ||    13
         Potion            |       |     1 ||     1
 Armour: Skin              |    29 |    46 ||    75
  Dodge: Dodged            |    66 |    86 ||   152

Table legend: (Time is in decaauts)
 A = Elapsed time spent in this place.
 B = Non-inter-level travel time spent in this place.
 C = Inter-level travel time spent in this place.
 D = Time resting spent in this place.
 E = Time spent auto-exploring this place.
 F = Levels seen in this place.
 G = Mean time per level.
                   A        B        C        D        E       F      G
               +--------+--------+--------+--------+--------+-----+--------+
         Total |   2595 |   2510 |     85 |    212 |   1494 |   5 |  519.0 |
       Dungeon |   2209 |   2124 |     85 |    212 |   1258 |   4 |  552.2 |
         Sewer |    386 |    386 |      0 |      0 |    236 |   1 |  386.0 |
               +--------+--------+--------+--------+--------+-----+--------+

Top non-repeatable levels by time:
     D:1: 684 daAuts
     D:3: 575 daAuts
     D:2: 575 daAuts
   Sewer: 386 daAuts
     D:4: 373 daAuts
